 Dungeon Crawl Stone Soup version 0.21.1 (webtiles) character file.

2359 shakethe the Grappler (level 9, -11/80 HPs)
             Began as a Troll Monk on Feb 4, 2018.
             Was an Elder of Okawaru.
             Mangled by an orc warrior
             ... wielding a +0 hand axe
              (15 damage)
             ... on level 7 of the Dungeon.
             The game lasted 00:41:02 (6275 turns).

shakethe the Grappler (Troll Monk)                  Turns: 6275, Time: 00:41:02

Health: -11/80     AC:  7    Str: 23    XL:     9   Next: 20%
Magic:  6/8        EV: 14    Int:  6    God:    Okawaru [****..]
Gold:   164        SH:  0    Dex: 15    Spells: 8/8 levels left

rFire    . . .     SeeInvis .     - Unarmed
rCold    . . .     Gourm    +   (no shield)
rNeg     . . .     Faith    .   a - +0 robe
rPois    .         Spirit   .   (helmet restricted)
rElec    .         Reflect  .   (no cloak)
rCorr    .         Harm     .   (gloves unavailable)
MR       .....                  (boots unavailable)
Stlth    +++.......             (no amulet)
HPRegen  0.63/turn              j - +2 ring of strength
MPRegen  0.11/turn              f - +2 ring of protection

@: heroism
A: large, unfitting armour, claws 3, fast metabolism 3, gourmand, regeneration
1, shaggy fur 1, tough skin 2
a: Heroism, Renounce Religion


You were on level 7 of the Dungeon.
You worshipped Okawaru.
Okawaru was greatly pleased with you.
You were very full.

You visited 2 branches of the dungeon, and saw 8 of its levels.
You also visited: Ossuary.

You collected 356 gold pieces.
You spent 192 gold pieces at shops.

Inventory:

Hand Weapons
 c - a +0 hunting sling
 i - a +3 whip of electrocution
 m - a +0 giant spiked club
 z - a +1 flail of protection
Armour
 a - a +0 robe (worn)
 n - a cursed -2 robe
Magical Staves
 r - an uncursed staff of earth {unknown}
 s - an uncursed staff of wizardry {unknown}
Jewellery
 f - a +2 ring of protection (right claw)
 h - an uncursed ring of ice
 j - a +2 ring of strength (left claw)
 q - an uncursed amulet of magic regeneration
Wands
 u - a wand of polymorph (22)
 w - a wand of disintegration (11)
 y - a wand of clouds (4)
 C - a wand of iceblast (6)
Scrolls
 k - 4 scrolls of identify
 t - 3 scrolls of remove curse
 A - a scroll of fear
 B - 2 scrolls of enchant weapon {unknown}
 D - a scroll of brand weapon {unknown}
 F - 2 scrolls of magic mapping {unknown}
 H - a scroll of enchant armour {unknown}
Potions
 d - a potion of brilliance
 e - 2 potions of ambrosia
 g - 3 potions of flight
 l - a potion of lignification
 o - a potion of berserk rage
 p - a potion of curing
 v - 4 potions of might
 x - 2 potions of heal wounds {unknown}
 E - a potion of haste {unknown}
Comestibles
 b - 11 rations
 G - 2 chunks of flesh


   Skills:
 - Level 2.4(7.4) Fighting
 - Level 2.4(7.4) Dodging
 - Level 1.0(6.0) Stealth
 * Level 12.4(17.4) Unarmed Combat


You had 8 spell levels left.
You didn't know any spells.

Dungeon Overview and Level Annotations

Branches:
Dungeon (7/15)             Temple (1/1) D:4

Altars:
Ashenzari
Cheibriados
Dithmenos
Elyvilon
Fedhas
Gozag
Makhleb
Nemelex Xobeh
Okawaru
Sif Muna
Trog
Uskayaw
Vehumet
Wu Jian
Xom
Yredelemnul
The Shining One

Shops:
D:4 =   D:6 ==*[:


Innate Abilities, Weirdness & Mutations

You are too large for most types of armour.
You have claws for hands.
Your metabolism is lightning-fast.
You like to eat raw meat.
Your natural rate of healing is unusually fast.
You are covered in fur. (AC +1)
You have very tough skin. (AC +2)


Message History

You see here a dagger of speed.
The orc warrior barely misses you.
You barely miss the orc warrior. Your claw misses the orc warrior.
The orc warrior completely misses you.
The crimson imp laughs crazily.
You mangle the orc warrior!!
The orc warrior is severely wounded.
The orc warrior hits you but does no damage.
You closely miss the orc warrior.
The orc warrior is severely wounded.
You barely miss the orc warrior.
The orc warrior is severely wounded.
The orc warrior hits you with a hand axe!
* * * LOW HITPOINT WARNING * * *
You feel better.
The orc warrior hits you with a hand axe!
* * * LOW HITPOINT WARNING * * *
You gain the combat prowess of a mighty hero.
The orc warrior hits you with a hand axe!
You die...

########### #.........#
#.........# #########
#.........# #........
###.........# #........
..#.........####./......
........................
..............5)@.......
...#######.....)o.......
...# #........######
...# #........# ...#
#........# ...#
........### ...#
.........# ...#
.......... ....
...?.>...


You could see an orc warrior and a crimson imp.

Vanquished Creatures
  Grinder (D:5)
  Eustachio (D:5)
  Edmund (D:6)
  A water moccasin (D:6)
  An orc warrior (D:6)
  A necrophage (D:7)
  2 ogres
  2 bullfrogs
  3 elf zombies (Ossuary)
  A crimson imp (D:6)
  7 centaur zombies
  4 human zombies (Ossuary)
  A hound (D:7)
  6 orc wizards
  2 orc priests
  Terence (D:3)
  7 worker ants
  A hound skeleton (D:4)
  3 mummies (Ossuary)
  A worker ant zombie (D:5)
  4 gnolls (D:5)
  4 adders
  5 oozes
  2 worms
  A dart slug (D:3)
  4 leopard geckos
  24 orcs
  7 giant cockroaches
  9 goblins
  7 hobgoblins
  22 jackals
  2 quokkas
  A ball python (D:2)
  6 bats
  7 frilled lizards
  11 kobolds
  A quokka zombie (D:2)
  8 rats
172 creatures vanquished.

Notes
Turn   | Place    | Note
-------+----------+-------------------------------------------
     0 | D:1      | shakethe the Troll Monk began the quest for the Orb.
     0 | D:1      | Reached XP level 1. HP: 22/22 MP: 0/0
   167 | D:1      | Reached XP level 2. HP: 27/29 MP: 1/1
   446 | D:1      | Reached skill level 4 in Unarmed Combat
   568 | D:1      | Reached XP level 3. HP: 36/36 MP: 2/2
  1167 | D:2      | Found a sparkling altar of Nemelex Xobeh.
  1281 | D:2      | Reached XP level 4. HP: 44/44 MP: 3/3
  1302 | D:2      | Noticed a bullfrog
  1306 | D:2      | Reached skill level 5 in Unarmed Combat
  1315 | D:2      | Killed a bullfrog
  1320 | D:2      | Reached XP level 5. HP: 44/50 MP: 4/4
  1404 | D:2      | Found a bloodstained altar of Trog.
  1469 | D:2      | Found an opulent altar of Gozag.
  1831 | D:3      | Reached skill level 6 in Unarmed Combat
  1970 | D:3      | Noticed Terence
  1984 | D:3      | Killed Terence
  2247 | D:3      | Reached XP level 6. HP: 59/59 MP: 5/5
  2345 | D:3      | Found a faded altar of an unknown god.
  2485 | D:3      | Found an ornate altar of the Wu Jian Council.
  2485 | D:3      | Found a glowing golden altar of the Shining One.
  2842 | D:4      | Reached skill level 7 in Unarmed Combat
  2888 | D:4      | Found a staircase to the Ecumenical Temple.
  3072 | D:4      | Found Balint's Jewellery Boutique.
  3121 | D:4      | Bought a +2 ring of protection for 110 gold pieces
  3121 | D:4      | Bought a +2 ring of strength for 82 gold pieces
  3533 | D:4      | Reached skill level 8 in Unarmed Combat
  3648 | Temple   | Entered the Ecumenical Temple
  3721 | Temple   | Became a worshipper of Warmaster Okawaru
  3721 | Temple   | Reached * piety under Okawaru
  3721 | Temple   | Reached ** piety under Okawaru
  3829 | D:5      | Entered Level 5 of the Dungeon
  3923 | D:5      | Reached XP level 7. HP: 63/66 MP: 6/6
  4306 | D:5      | Noticed Eustachio
  4308 | D:5      | Noticed Grinder
  4328 | D:5      | Killed Grinder
  4328 | D:5      | Reached skill level 9 in Unarmed Combat
  4372 | D:5      | Killed Eustachio
  4402 | D:5      | Reached XP level 8. HP: 67/74 MP: 7/7
  4702 | D:6      | Noticed Edmund
  4733 | D:6      | Killed Edmund
  4733 | D:6      | Reached *** piety under Okawaru
  4733 | D:6      | Reached skill level 10 in Unarmed Combat
  4824 | D:6      | Found Biaqurgh's Jewellery Emporium.
  4956 | D:6      | Reached skill level 11 in Unarmed Combat
  5091 | D:6      | Found Uzead's Antique Armour Shoppe.
  5109 | D:6      | Found Qokaru's Book Shoppe.
  5425 | D:6      | Found a shadowy altar of Dithmenos.
  5451 | D:6      | Found a snail-covered altar of Cheibriados.
  5461 | D:6      | Found a shattered altar of Ashenzari.
  5464 | D:6      | Found a basalt altar of Yredelemnul.
  5662 | D:6      | Found Yluifoh's Jewellery Emporium.
  5664 | D:6      | Found Ahyan's Assorted Antiques.
  5944 | D:7      | Found a sand-covered staircase.
  5957 | Ossuary  | Entered an ossuary
  6034 | Ossuary  | Reached **** piety under Okawaru
  6058 | Ossuary  | Reached XP level 9. HP: 79/79 MP: 8/8
  6063 | Ossuary  | Reached skill level 12 in Unarmed Combat
  6274 | D:7      | HP: 3/80 [orc warrior/hand axe (12)]
  6275 | D:7      | Mangled by an orc warrior

Skill      XL: |  1  2  3  4  5  6  7  8  9 |
---------------+----------------------------+-----
Unarmed Combat | 4 5 6 8 9 11 12 | 12.4
Fighting       | |  2.4
Dodging        | |  2.4
Stealth        | |  1.0

Action                   |  1- 3 |  4- 6 |  7- 9 || total
-------------------------+-------+-------+-------++-------
Melee: Unarmed           |   110 |   157 |   205 ||   472
       Punch             |     3 |     5 |    10 ||    18
Invok: Heroism           |       |       |     3 ||     3
  Use: Scroll            |       |     6 |     8 ||    14
       Potion            |       |       |     2 ||     2
 Stab: Sleeping          |       |     1 |     1 ||     2
  Eat: Chunk             |    15 |    21 |    26 ||    62
Armor: Robe              |    80 |    47 |    83 ||   210
Dodge: Dodged            |    84 |    81 |   125 ||   290
